 Dungeon Crawl Stone Soup version 0.24.0-10-g970556be89 (webtiles) character file.

Game seed: 17519237419736551072, levelgen mode: deterministic

14 Masnef the Ogre Mage (level 2, 0/24 HPs)
             Began as an Ogre Wizard on Nov 4, 2019.
             Slain by an adder (2 damage)
             ... on level 2 of the Dungeon.
             The game lasted 00:02:01 (672 turns).

Masnef the Ogre Mage (Ogre Wizard)                   Turns: 672, Time: 00:02:02

Health: 0/24       AC:  3    Str:  7 (10) XL:     2   Next: 41%
Magic:  6/6        EV:  9    Int: 17 (19) God:
Gold:   41         SH:  0    Dex:  4 (7)  Spells: 7/8 levels left

rFire    . . .     SeeInvis .   k - -1 mace (curse)
rCold    . . .     Gourm    .   (no shield)
rNeg     . . .     Faith    .   a - +0 robe
rPois    .         Spirit   .   b - +0 hat
rElec    .         Reflect  .   (no cloak)
rCorr    .         Harm     .   (gloves unavailable)
MR       .....                  (boots unavailable)
Stlth    +.........             (no amulet)
HPRegen  0.08/turn              (no ring)
MPRegen  0.10/turn              (no ring)

@: lethally poisoned (0 -> -8), hasted, very quick
A: large, unfitting armour, tough skin 1
a: no special abilities


You were on level 2 of the Dungeon.
You were not hungry.

You visited 1 branch of the dungeon, and saw 2 of its levels.

You collected 41 gold pieces.

Inventory:

Hand Weapons
 g - a +0 hand axe
 i - a +0 club
 k - a cursed -1 mace (weapon)
Missiles
 c - 24 poisoned darts (quivered)
Armour
 a - a +0 robe (worn)
 b - a +0 hat (worn)
Scrolls
 h - a scroll of identify
Comestibles
 d - a ration
 f - 3 chunks of flesh


   Skills:
 + Level 0.9 Maces & Flails
 - Level 1.7 Dodging
 - Level 1.4 Stealth
 - Level 3.6 Spellcasting
 + Level 1.8 Conjurations
   Level 0.8 Summonings
   Level 0.8 Translocations


You had 7 spell levels left.
You knew the following spells:

 Your Spells              Type           Power        Failure   Level  Hunger
a - Magic Dart            Conj           #...         8%          1    None

Your spell library contained the following spells:

 Spells                   Type           Power        Failure   Level  Hunger
 Blink                    Tloc           N/A          17%         2    ##.....
 Call Imp                 Summ           #.......     17%         2    ##.....
 Slow                     Hex            #.......     26%         2    ##.....
 Conjure Flame            Conj/Fire      #.......     34%         3    ###....
 Mephitic Cloud           Conj/Pois/Air  #.......     36%         3    ###....


Dungeon Overview and Level Annotations

Branches:
Dungeon (2/15)

Altars:


Innate Abilities, Weirdness & Mutations

You are too large for most types of armour.
You have tough skin. (AC +1)


Message History

* * * LOW HITPOINT WARNING * * *
You are lethally poisoned!
The adder poisons you! The adder bites you.
* * * LOW HITPOINT WARNING * * *
You closely miss the adder. The adder closely misses you.
You miss the adder.
* * * LOW HITPOINT WARNING * * *
You feel sick. The adder barely misses you.
You barely miss the adder.
* * * LOW HITPOINT WARNING * * *
You feel sick. The adder bites you but does no damage.
You miss the adder. The adder barely misses you.
You barely miss the adder.
* * * LOW HITPOINT WARNING * * *
You feel sick. The adder completely misses you.
You barely miss the adder.
* * * LOW HITPOINT WARNING * * *
You feel sick. The adder barely misses you.
You closely miss the adder. The adder barely misses you. The adder bites you.
You die...

..# ..# #.# #..
#.# #.# #.# #@#
#S# #g#
######g#####
#.....S....# .
#.....(....# ..
(...........##...
#......."(...g...
##..........##...


You could see 2 adders, a hobgoblin and a goblin.

Vanquished Creatures
  A leopard gecko (D:1)
  2 giant cockroaches
  2 hobgoblins (D:1)
  2 kobolds (D:1)
  A bat (D:1)
  A frilled lizard (D:1)
  4 rats (D:1)
13 creatures vanquished.

Notes
Turn   | Place    | Note
-------+----------+-------------------------------------------
     0 | D:1      | Masnef the Ogre Wizard began the quest for the Orb.
     0 | D:1      | Reached XP level 1. HP: 16/16 MP: 5/5
    13 | D:1      | Reached skill level 1 in Conjurations
   273 | D:1      | Reached XP level 2. HP: 23/24 MP: 3/6
   672 | D:2      | Slain by an adder

Levels and vault maps discovered:
D:1:      lemuel_arrival_behind_the_door_large, layout_rooms,
          serial_bayou_crossing
D:2:      layout_rooms

Skill      XL: |  1 |
---------------+----+-----
Conjurations   | 1 |  1.8
Maces & Flails | |  0.9
Dodging        | |  1.7
Stealth        | |  1.4
Spellcasting   | |  3.6
Summonings     | |  0.8
Translocations | |  0.8

Action                   || total
-------------------------++-------
Melee: Mace              ||    26
       Hand axe          ||     5
Throw: Dart              ||     2
 Cast: Magic Dart        ||    21
  Use: Scroll            ||     3
       Potion            ||     4
Armor: Robe              ||    12
Dodge: Dodged            ||    24
